 Dungeon Crawl Stone Soup version 0.27-a0-978-g2aa4ecdaef (webtiles) character file.

Game seed: 1500161623368341477

4 jestyr24 the Conjurer (level 1, 0/10 HPs)
             Began as a Tengu Conjurer on Apr 14, 2021.
             Slain by a jackal (3 damage)
             ... on level 1 of the Dungeon.
             The game lasted 00:00:42 (149 turns).

jestyr24 the Conjurer (Tengu Conjurer)               Turns: 149, Time: 00:00:43

Health: 0/10       AC:  2    Str:  7    XL:     1   Next: 70%
Magic:  1/4        EV: 12    Int: 18    God:
Gold:   0          SH:  0    Dex: 12    Spells: 3/4 levels left

rFire    . . .     SeeInvis .   (no weapon)
rCold    . . .     Faith    .   (no shield)
rNeg     . . .     Spirit   .   a - +0 robe
rPois    .         Reflect  .   (helmet restricted)
rElec    .         Harm     .   (no cloak)
rCorr    .         Rampage  .   (no gloves)
Will     .....                  (boots unavailable)
Stlth    ++........             (no amulet)
HPRegen  0.03/turn              (no ring)
MPRegen  0.09/turn              (no ring)

@: no status effects
A: beak, talons 3
a: no special abilities


You were on level 1 of the Dungeon.
You visited 1 branch of the dungeon, and saw 1 of its levels.

Inventory:

Armour
 a - a +0 robe (worn)
Potions
 b - a potion of ambrosia {unknown}


   Skills:
 + Level 2.3 Dodging
 + Level 2.0 Stealth
 + Level 2.0 Spellcasting
 + Level 5.5 Conjurations


You had 3 spell levels left.
You knew the following spells:

 Your Spells              Type           Power      Damage    Failure   Level
a - Magic Dart            Conj           84%        1d7       1%          1

Your spell library contained the following spells:

 Spells                   Type           Power      Damage    Failure   Level
 Searing Ray              Conj           42%        3d4       2%          2
 Dazzling Flash           Conj/Hex       22%        N/A       17%         3
 Fulminant Prism          Conj/Hex       5%         3d7       50%         4
 Iskenderun's Mystic Bla  Conj/Tloc      11%        2d4       50%         4


Dungeon Overview and Level Annotations

Branches:
Dungeon (1/15)

Altars:


Innate Abilities, Weirdness & Mutations

You have a beak for a mouth.
You have claws for feet.


Message History

You kill the goblin!
A jackal comes into view.
You are too depleted to draw on your mana recklessly!
A jackal is nearby!
A jackal comes into view.
There is an open door here.
You open the door.
There is an open door here.
There is an open door here.
There is a staircase leading out of the dungeon here.
You start resting.
Magic restored.
There is an open door here.
There is an open door here.
You open the door.
There is an open door here.
A rat comes into view.
The magic dart hits the rat.
You kill the rat!
The magic dart hits the jackal.
The jackal is moderately wounded.
The jackal barks!
The jackal bites you.
The magic dart hits the jackal.
The jackal is almost dead.
The jackal barely misses you.
The magic dart hits the jackal.
You kill the jackal!
The magic dart hits the jackal but does no damage.
The jackal barely misses you.
You are too depleted to draw on your mana recklessly!
The jackal bites you. The jackal bites you. The jackal barely misses you.
The jackal bites you.
* * * LOW HITPOINT WARNING * * *
You hit the jackal but do no damage. You claw the jackal.
The jackal is lightly wounded.
The jackal bites you.
You die...

#..# #..######### #..#
#..#.......# #..#
#..#.##+##.# #. #..#
#..#.#...#.# #.
##..#####..#.#.<.#.# #..
..........#.##'##.#
#.#####.##.##..'.'.....#
#.........h@...#'#######
#.#.....................
#..........#.#######...#
#................... ..
#.#.###.##.#.#######
#.#.# #.##.#.#####
#.#.###.##........
#.................
#.#†###.##.#.#..##


You could see a jackal.

Vanquished Creatures
  A ball python (D:1)
  A jackal (D:1)
  A bat (D:1)
  A goblin (D:1)
  A rat (D:1)
5 creatures vanquished.

Notes
Turn   | Place    | Note
-------+----------+-------------------------------------------
     0 | D:1      | jestyr24 the Tengu Conjurer began the quest for the Orb.
     0 | D:1      | Reached XP level 1. HP: 10/10 MP: 4/4
   149 | D:1      | Slain by a jackal

Illustrated notes

Levels and vault maps discovered:
D:1:      ncdulo_smallfort, layout_basic, lexackson_kobold_supper

Action                   || total
-------------------------++-------
Melee: Unarmed           ||     1
       Kick              ||     1
 Cast: Magic Dart        ||    11
Dodge: Dodged            ||     3

Table legend: (Time is in decaauts)
 A = Elapsed time spent in this place.
 B = Non-inter-level travel time spent in this place.
 C = Inter-level travel time spent in this place.
 D = Time resting spent in this place.
 E = Time spent auto-exploring this place.
 F = Levels seen in this place.
 G = Mean time per level.
                   A        B        C        D        E       F      G
               +--------+--------+--------+--------+--------+-----+--------+
         Total |    149 |    149 |      0 |      9 |     60 |   1 |  149.0 |
       Dungeon |    149 |    149 |      0 |      9 |     60 |   1 |  149.0 |
               +--------+--------+--------+--------+--------+-----+--------+

Top non-repeatable levels by time:
     D:1: 149 daAuts
